 Dungeon Crawl Stone Soup version 0.18.1-48-g4cf74bf (webtiles) character file.

45 KarvaRausku the Caller (level 3, -1/15 HPs)
             Began as a Felid Summoner on Aug 14, 2016.
             Killed from afar by an orc wizard (4 damage)
             ... with a puff of flame
             ... on level 3 of the Dungeon.
             The game lasted 00:09:44 (1770 turns).

KarvaRausku the Caller (Felid Summoner)             Turns: 1770, Time: 00:09:44

Health: -1/15      AC:  4    Str:  4    XL:     3   Next: 42%
Magic:  5/7        EV: 23    Int: 17    God:
Gold:   172        SH:  0    Dex: 21    Spells: 2 memorised, 3 levels left
                                        Lives:  0   Deaths: 0

rFire  + . .     SeeInvis +     (weapon unavailable)
rCold  + . .     Gourm    .     (armour unavailable)
rNeg   . . .     Faith    .     (shield unavailable)
rPois  +         Spirit   .     (helmet unavailable)
rElec  +         Dismiss  .     (cloak unavailable)
rCorr  +         Reflect  .     (gloves unavailable)
SustAt .         Harm     .     (boots unavailable)
MR     .....                    (no amulet)
Stlth  ++++......               (no ring)
                                e - +3 ring of protection

@: agile, resistant, quick, not resistant to hostile enchantments, stealthy
A: no armour, no weapons or thrown items, claws 1, fangs 3, see invisible,
carnivore 3, speed 1, shaggy fur 1, slow metabolism 1, sharp paws
a: no special abilities


You were on level 3 of the Dungeon.
You were full.

You visited 1 branch of the dungeon, and saw 3 of its levels.

You collected 172 gold pieces.

Inventory:

Jewellery
 e - a +3 ring of protection (left paw)
Wands
 o - a wand of confusion (16/48)
Scrolls
 g - 5 scrolls of identify {unknown}
 h - a scroll of remove curse {unknown}
 i - a scroll of recharging {unknown}
 j - 4 scrolls of blinking {unknown}
 k - a scroll of enchant weapon {unknown}
 m - a scroll of noise {unknown}
 p - a scroll of magic mapping {unknown}
Potions
 d - a potion of brilliance {unknown}
 f - a potion of agility
 n - a potion of degeneration {unknown}
Books
 a - a book of Callings

   Spells                             Type                      Level
   a - Summon Small Mammal            Summoning                    1
   b - Call Imp                       Summoning                    2
   c - Call Canine Familiar           Summoning                    3
   d - Summon Guardian Golem          Hexes/Summoning              3
   e - Summon Lightning Spire         Summoning/Air                4
   f - Summon Ice Beast               Ice/Summoning                4
Comestibles
 b - 2 meat rations
 l - 2 royal jellies


   Skills:
 + Level 0.6 Fighting
 - Level 2.6 Dodging
 - Level 2.6 Stealth
 + Level 0.8 Unarmed Combat
 * Level 2.3 Spellcasting
 * Level 4.7 Summonings


You had 3 spell levels left.
You knew the following spells:

 Your Spells              Type           Power        Failure   Level  Hunger
a - Summon Small Mammal   Summ           ###.         2%          1    #......
b - Call Imp              Summ           ###.....     4%          2    ##.....


Dungeon Overview and Level Annotations

Branches:
Dungeon (3/15)

Altars:


Innate Abilities, Weirdness & Mutations

You cannot wear armour.
You are incapable of wielding weapons or throwing items.
You have sharp claws.
You have razor-sharp teeth.
You have supernaturally acute eyesight.
You are carnivorous and can eat meat at any time.
You cover ground quickly.
You are covered in fur (AC +1).
You have a slow metabolism.
Your sharp claws are effective at attacking unaware monsters.


Message History

The orc wizard misses you. x2
Drink which item? (? for menu, Esc to quit)
It was a potion of resistance.
You feel protected.
Your crimson imp closely misses the orc.
The orc wizard barely misses you. The orc closely misses you.
An orc comes into view. It is wielding a trident.
Your crimson imp hits the orc wizard.
You see here 11 arrows.
The orc closely misses your crimson imp.
Your crimson imp hits the orc.
The orc wizard misses you. The orc misses your crimson imp.
The orc barely misses your crimson imp.
Your crimson imp barely misses the orc.
The orc wizard gestures at you while chanting.
The puff of flame misses you.
Your crimson imp hits the orc.
The orc dies!
The orc hits your crimson imp with a club.
The orc wizard points at you and mumbles some strange words.
The puff of flame hits you! You resist.
You die...

... #####.###..# #.# ###.#
#......##..# ... ...#
##........# ##.####..###
#.........## $.........#
####........ # ###.# #...#.##
#..##..##
.##.#.#.###...#..#######..##.)##
.........o5.....................
.##.....o.r.o..@.......##.##....
......#.###..####.####.##.##.###
###.#.#.# #..# #.# #.##.##.# #
#.#.#.# #..# #.. #.##.##.# # # .
r.. ...# ##.# #.##.##.### .
#.###### .. #.##)##.... #.#
#.#.....###### ... .##..#.# #.#
.. ...


You could see an orc wizard, 2 orcs, a rat and a friendly crimson imp.

Vanquished Creatures
  An ooze (D:3)
  4 bats
  2 giant cockroaches
  2 goblins
  6 hobgoblins
  4 giant newts
  5 kobolds
  10 rats
34 creatures vanquished.

Vanquished Creatures (collateral kills)
  A dart slug (D:2)
  An orc (D:3)
  A bat (D:2)
  A giant cockroach (D:1)
  3 hobgoblins
  2 giant newts (D:1)
  A goblin (D:1)
10 creatures vanquished.

Grand Total: 44 creatures vanquished

Notes
Turn   | Place    | Note
--------------------------------------------------------------
     0 | D:1      | KarvaRausku the Felid Summoner began the quest for the Orb.
     0 | D:1      | Reached XP level 1. HP: 7/7 MP: 4/4
   347 | D:1      | Reached XP level 2. HP: 4/11 MP: 4/6
   629 | D:1      | Learned a level 2 spell: Call Imp
  1385 | D:2      | Reached XP level 3. HP: 10/14 MP: 4/7
  1770 | D:3      | Killed from afar by an orc wizard

Action                   || total
-------------------------++-------
Melee: Unarmed           ||   129
       Bite              ||     7
       Punch             ||     1
 Cast: Summon Small Mamm ||    15
       Call Imp          ||     3
  Use: Potion            ||     4
 Stab: Sleeping          ||    13
       Distracted        ||     1
  Eat: Chunk             ||     5
Armor: Skin              ||    13
Dodge: Dodged            ||   100
